 Dungeon Crawl Stone Soup version 0.21-a0-632-g1e37ce5 (webtiles) character file.

1089 Amnesiac the Sneak (level 8, -5/52 HPs)
             Began as an Octopode Conjurer on Dec 28, 2017.
             Slain by a two-headed ogre
             ... wielding a +0 giant spiked club
              (17 damage)
             ... on level 8 of the Dungeon.
             The game lasted 00:10:36 (6295 turns).

Amnesiac the Sneak (Octopode Conjurer)              Turns: 6295, Time: 00:10:37

Health: -5/52      AC:  1    Str:  7    XL:     8   Next: 31%
Magic:  6/33       EV: 14    Int: 19    God:
Gold:   257        SH:  0    Dex: 13    Spells: 8/17 levels left

rFire    . . .     SeeInvis .   q - +1 dagger (elec)
rCold    . . .     Gourm    .   (no shield)
rNeg     . . .     Faith    .   (helmet restricted)
rPois    .         Spirit   .   (no amulet)
rElec    .         Reflect  .   r - ring of magical power
rCorr    .         Harm     .   y - ring of magical power
MR       .....                  (no ring)
Stlth    ++++......             (no ring)
HPRegen  0.17/turn              (no ring)
MPRegen  0.23/turn              (no ring)
                                (no ring)
                                (no ring)

@: very slightly contaminated
A: almost no armour, stealthy swim, amphibious, 8 rings, constrict 8, camouflage
1, gelatinous body 1
a: no special abilities


You were on level 8 of the Dungeon.
You were near starving.

You visited 1 branch of the dungeon, and saw 7 of its levels.

You collected 257 gold pieces.

Inventory:

Hand Weapons
 q - a +1 dagger of electrocution (weapon)
Missiles
 o - 15 poisoned needles
 A - 6 needles of confusion
Jewellery
 r - a ring of magical power (left tentacle)
 y - a ring of magical power (right tentacle)
Wands
 B - a wand of random effects (10)
Scrolls
 c - 2 scrolls of remove curse {!r, unknown}
 d - 3 scrolls of blinking {!r, unknown}
 e - a scroll of immolation {!r, unknown}
 g - 5 scrolls of identify {!r, unknown}
 h - 3 scrolls of amnesia {!r, unknown}
 j - 4 scrolls of magic mapping {!r, unknown}
 m - 3 scrolls of noise {!r, unknown}
 p - a scroll of enchant weapon {!r, unknown}
 s - a scroll of random uselessness {!r, unknown}
 t - 4 scrolls of teleportation {!r, unknown}
 x - a scroll of fear {!r, unknown}
Potions
 f - 2 potions of magic {!q, unknown}
 i - 3 potions of degeneration {!q, unknown}
 k - 2 potions of haste {!q, unknown}
 l - a potion of flight {!q, unknown}
 n - 4 potions of curing {!q, unknown}
 u - a potion of agility {!q, unknown}
 v - a potion of brilliance {!q, unknown}
 w - a potion of heal wounds {!q, unknown}
Books
 a - a book of Conjurations

   Spells                             Type                      Level
   a - Magic Dart                     Conjuration                  1
   b - Searing Ray                    Conjuration                  2
   c - Dazzling Spray                 Conjuration/Hexes            3
   d - Fulminant Prism                Conjuration/Hexes            4
   e - Force Lance                    Conjuration/Translocation    4
   f - Iskenderun's Mystic Blast      Conjuration                  4
Comestibles
 b - 8 rations
 z - a chunk of flesh


   Skills:
 + Level 3.2 Fighting
 + Level 3.2 Dodging
 - Level 7.0 Stealth
 - Level 5.0 Spellcasting
 + Level 6.1 Conjurations
 - Level 1.0 Hexes


You had 8 spell levels left.
You knew the following spells:

 Your Spells              Type           Power        Failure   Level  Hunger
a - Magic Dart            Conj           ####         1%          1    None
d - Force Lance           Conj/Tloc      ###.....     34%         4    ####...
s - Fulminant Prism       Conj/Hex       ###.......   28%         4    ####...


Dungeon Overview and Level Annotations

Branches:
Dungeon (6/15)
 Temple: D:4-7

Altars:
Hepliaklqana

Shops:
D:6 }

Annotations:
D:2 Sigmund
D:5 Menkaure


Innate Abilities, Weirdness & Mutations

You cannot wear most types of armour.
You are very stealthy in the water. (Stealth+)
You are amphibious.
You can wear up to eight rings at the same time.
You can use your tentacles to constrict eight enemies at once.
Your skin changes colour to match your surroundings (Stealth+).
Your rubbery body absorbs attacks. (AC +1, EV +1)


Message History

d - Force Lance; b - Fulminant Prism Adjust (i)tems, (s)pells, or (a)bilities?
Adjust which spell? b - Fulminant Prism Adjust to which letter? s - Fulminant Prism
Casting: Fulminant Prism
Confirm with . or Enter, or press ? or * to list all spells.
Aiming: Force Lance
Press: ? - help, Shift-Dir - straight line, f - two-headed ogre
Aim: a two-headed ogre, wielding a giant spiked club and a giant club (heavily wounded)
The lance of force hits the two-headed ogre.
The two-headed ogre is heavily wounded.
The two-headed ogre hits you with a giant spiked club!
The two-headed ogre closely misses you.
Casting: Force Lance
Confirm with . or Enter, or press ? or * to list all spells.
Aiming: Force Lance
Press: ? - help, Shift-Dir - straight line, f/p - two-headed ogre
Aim: a two-headed ogre, wielding a giant spiked club and a giant club (heavily wounded)
The lance of force hits the two-headed ogre.
The two-headed ogre is severely wounded.
The two-headed ogre is knocked back by the lance of force.
You are feeling very hungry.
Casting: Force Lance
Confirm with . or Enter, or press ? or * to list all spells.
Aiming: Force Lance
Press: ? - help, Shift-Dir - straight line, f/p - two-headed ogre
Aim: a two-headed ogre, wielding a giant spiked club and a giant club (severely wounded)
You miscast Force Lance.
You are very lightly contaminated with residual magic.
The air around you crackles with energy!
Casting: Force Lance
Confirm with . or Enter, or press ? or * to list all spells.
Aiming: Force Lance
Press: ? - help, Shift-Dir - straight line, f/p - two-headed ogre
Aim: a two-headed ogre, wielding a giant spiked club and a giant club (severely wounded)
The lance of force hits the two-headed ogre.
The two-headed ogre is almost dead.
The two-headed ogre hits you with a giant spiked club!!
Ouch! That really hurt!
* * * LOW HITPOINT WARNING * * *
The two-headed ogre barely misses you.
Casting: Force Lance
Confirm with . or Enter, or press ? or * to list all spells.
Aiming: Force Lance
Press: ? - help, Shift-Dir - straight line, f/p - two-headed ogre
Aim: a two-headed ogre, wielding a giant spiked club and a giant club (almost dead)
The lance of force hits the two-headed ogre.
The two-headed ogre is almost dead.
Unknown command.
A gnoll comes into view. It is wielding a spear.
You are near starving!
The gnoll shouts!
Casting: Force Lance
Confirm with . or Enter, or press ? or * to list all spells.
Aiming: Force Lance
Press: ? - help, Shift-Dir - straight line, f/p - two-headed ogre
Aim: a two-headed ogre, wielding a giant spiked club and a giant club (almost dead)
The lance of force hits the two-headed ogre.
The two-headed ogre is almost dead.
The two-headed ogre closely misses you.
The two-headed ogre hits you with a giant club!
You die...

#...........
#.........####
#......g......
#............
#...........
#.......###
#.......# #.......#
#......@#
#.....nO###
#.........#
#.........#
######....# #....#
#....#
###....#######
#............#....#


You could see a two-headed ogre, a necrophage and a gnoll.

Vanquished Creatures
  A phantom (D:4)
  2 ogres
  3 centaurs (D:6)
  2 bullfrogs (D:6)
  A scorpion (D:4)
  A crimson imp (D:4)
  2 quasits
  Crazy Yiuf (D:5)
  A centaur skeleton (D:5)
  An orc wizard (D:5)
  2 worker ants (D:5)
  A killer bee zombie (D:8)
  A worker ant zombie (D:8)
  A gnoll (D:2)
  8 adders
  A howler monkey skeleton (D:5)
  2 oozes
  An adder skeleton (D:5)
  A dart slug (D:2)
  A leopard gecko (D:8)
  2 orcs
  2 giant cockroaches
  5 goblins
  7 hobgoblins
  6 jackals
  A quokka (D:3)
  2 bats (D:3)
  6 frilled lizards
  A jackal zombie (D:5)
  A kobold (D:1)
  A quokka skeleton (D:5)
  A quokka zombie (D:5)
  6 rats
  A fulminant prism (D:5)
76 creatures vanquished.

Vanquished Creatures (others)
  12 fulminant prisms
12 creatures vanquished.

Grand Total: 88 creatures vanquished

Notes
Turn   | Place    | Note
-------+----------+-------------------------------------------
     0 | D:1      | Amnesiac the Octopode Conjurer began the quest for the Orb.
     0 | D:1      | Reached XP level 1. HP: 11/11 MP: 3/3
   484 | D:1      | Reached skill level 1 in Fighting
   563 | D:1      | Reached XP level 2. HP: 17/18 MP: 1/5
  1062 | D:2      | Reached XP level 3. HP: 24/24 MP: 0/6
  1111 | D:2      | Noticed Sigmund
  1480 | D:3      | Reached XP level 4. HP: 30/30 MP: 0/7
  1852 | D:3      | Noticed an ogre
  2093 | D:2      | Learned a level 4 spell: Fulminant Prism
  2169 | D:2      | Reached skill level 1 in Hexes
  2634 | D:4      | Noticed an ogre
  2696 | D:5      | Entered Level 5 of the Dungeon
  2911 | D:5      | Reached XP level 5. HP: 32/36 MP: 4/8
  3066 | D:4      | Noticed an ogre
  3365 | D:4      | Reached XP level 6. HP: 17/42 MP: 2/11
  3634 | D:4      | Noticed a phantom
  3657 | D:4      | Killed a phantom
  3920 | D:3      | Reached skill level 5 in Conjurations
  4011 | D:4      | Reached XP level 7. HP: 46/46 MP: 0/14
  4279 | D:4      | Reached skill level 5 in Spellcasting
  4411 | D:5      | Noticed Menkaure
  4700 | D:5      | Learned a level 4 spell: Force Lance
  4729 | D:5      | Found a runed door.
  5301 | D:5      | Noticed Crazy Yiuf
  5305 | D:5      | Killed Crazy Yiuf
  5558 | D:6      | Found Diohoqud's Gadget Shoppe.
  5625 | D:6      | Found a hazy altar of Hepliaklqana.
  5665 | D:6      | Reached skill level 4 in Stealth
  5678 | D:6      | Reached skill level 5 in Stealth
  5999 | D:6      | Reached skill level 6 in Stealth
  5999 | D:6      | Reached XP level 8. HP: 52/52 MP: 15/15
  6076 | D:6      | Reached skill level 7 in Stealth
  6146 | D:6      | You fall through a shaft for 2 floors!
  6266 | D:8      | Noticed a two-headed ogre
  6295 | D:8      | Slain by a two-headed ogre

Vault maps used:
D:1:      minmay_arrival_widening_spiral_wide
D:2:      overflow_temple_1_default, dk_noncrumbling_2, hex_intersection,
          uniq_sigmund
D:3:      first_ration
D:4:      st_stairs_4
D:5:      uniq_crazy_yiuf_cottage, uniq_menkaure
D:6:      nicolae_overflow_crystal_walls, serial_shops, kennysheep_mini
D:8:      the_bakery

Skill      XL: |  1  2  3  4  5  6  7  8 |
---------------+-------------------------+-----
Fighting       | 1 2 3 |  3.2
Dodging        | 3 |  3.2
Hexes          | 1 |  1.0
Spellcasting   | 3 4 5 |  5.0
Conjurations   | 5 6 |  6.1
Stealth        | 6 7 |  7.0

Action                   |  1- 3 |  4- 6 |  7- 9 || total
-------------------------+-------+-------+-------++-------
Melee: Unarmed           |     9 |     3 |       ||    12
       Constrict         |     4 |     9 |     6 ||    19
       Tentacles         |     2 |     7 |     5 ||    14
       Dagger            |       |    41 |    31 ||    72
       Hunting sling     |       |     3 |       ||     3
 Fire: Hunting sling     |       |    16 |       ||    16
 Cast: Magic Dart        |    42 |    73 |    41 ||   156
       Fulminant Prism   |       |     4 |     9 ||    13
       Force Lance       |       |       |     5 ||     5
 Stab: Sleeping          |       |       |     1 ||     1
  Eat: Chunk             |     2 |     9 |     9 ||    20
Armor: Skin              |       |     5 |     3 ||     8
Dodge: Dodged            |     6 |    47 |    44 ||    97

Table legend:
 A = Spawn XP
 B = Non-spawn XP
 C = Spawn XP percentage of total XP
 D = Spawn monster count
 E = Non-spawn monster count
 F = Spawn count percentage of total count
 G = Total turns spent on level
                    A         B        C        D         E        F      G
               +---------+---------+-------+---------+---------+-------+---------
         Total |       0 |    1557 |   0.0 |       0 |      75 |   0.0 |  6295
               +---------+---------+-------+---------+---------+-------+---------
           D:1 |       0 |      19 |   0.0 |       0 |       9 |   0.0 |  1063
           D:2 |       0 |      63 |   0.0 |       0 |      14 |   0.0 |   705
           D:3 |       0 |     189 |   0.0 |       0 |      19 |   0.0 |   952
           D:4 |       0 |     374 |   0.0 |       0 |       5 |   0.0 |  1077
           D:5 |       0 |     220 |   0.0 |       0 |      13 |   0.0 |  1608
           D:6 |       0 |     587 |   0.0 |       0 |      10 |   0.0 |   741
           D:8 |       0 |     105 |   0.0 |       0 |       5 |   0.0 |   149
               +---------+---------+-------+---------+---------+-------+---------
